Map: Acid Plant LE

Players

MaNa - Winner!

  • Race: Protoss Protoss
  • Spawn Location: 5:00

PappiJoe

  • Race: Protoss Protoss
  • Spawn Location: 11:00

Event: WCS Leipzig 2018

VOD

Have the link to the VOD?

Description

Time

  • Played on: Jan. 26, 2018, 6:57 a.m.
  • Length: 13:58

All games in this series

Show
View Real Time Build Order
Export as new Build Order

MaNa Protoss - Winner!

Build Orders:  

Get SALT Encoding   

  12  0:00  Probe  
  13  0:12  Probe  
  14  0:17  Pylon  
  14  0:24  Probe (Chrono Boost)  
  15  0:36  Probe (Chrono Boost)  
  15  0:38  Gateway  
  16  0:44  Probe (Chrono Boost)  
  16  0:46  Assimilator  
  17  0:51  Probe (Chrono Boost)  
  18  1:03  Probe (Chrono Boost)  
  18  1:04  Assimilator  
  19  1:11  Probe (Chrono Boost)  
  20  1:17  Probe, Gateway  
  21  1:27  Cybernetics Core  
  21  1:29  Probe  
  22  1:34  Pylon  
  22  1:41  Probe  
  23  1:53  Probe  
  24  2:01  Warp Gate (Chrono Boost)  
  24  2:04  Adept x2  
  24  2:06  Probe  
  29  2:13  Pylon  
  29  2:23  Pylon  
  29  2:31  Stalker x2  
  33  2:50  Nexus  
  33  3:01  Stalker  
  33  3:04  Stalker  
  37  3:13  Probe  
  36  3:20  Shield Battery  
  36  3:31  Stalker  
  36  3:34  Stalker  
  38  3:43  Pylon  
  38  3:51  Robotics Facility  
  38  4:11  Stalker  
  38  4:12  Stalker  
  38  4:15  Shield Battery  
  42  4:22  Shield Battery  
  42  4:36  Stalker x2  
  38  4:48  Immortal (Chrono Boost)  
  40  4:59  Stalker x2  
  44  5:07  Pylon  
  42  5:22  Immortal (Chrono Boost)  
  46  5:30  Pylon  
  44  5:43  Sentry  
  46  5:50  Shield Battery  
  46  5:54  Immortal (Chrono Boost)  
  49  6:12  Gateway  
  47  6:26  Warp Prism (Chrono Boost)  
  47  6:30  Gateway  
  31  6:56  Immortal (Chrono Boost)  
  35  7:05  Pylon  
  31  7:09  Stalker  
  20  7:30  Stalker  
  15  7:45  Probe  
  15  7:50  Sentry  
  18  7:57  Probe  
  19  8:02  Sentry  
  21  8:09  Probe  
  22  8:21  Probe  
  23  8:28  Stalker  
  25  8:34  Probe  
  26  8:49  Shield Battery  
  27  9:03  Observer (Chrono Boost)  
  27  9:09  Stalker  
  29  9:10  Stalker  
  31  9:24  Immortal (Chrono Boost)  
  35  9:55  Warp Prism  
  35  9:58  Probe  
  38  10:32  Immortal  
  41  11:05  Zealot x2  
  41  11:11  Warp Prism (Chrono Boost)  
  47  11:29  Adept  
  47  11:34  Adept  
  45  11:58  Immortal (Chrono Boost)  
  47  13:06  Stalker x2  
  49  13:33  Adept x2  
  53  13:54  Adept x2  
Show
View Real Time Build Order
Export as new Build Order

PappiJoe Protoss 

Build Orders:  

Get SALT Encoding   

  12  0:00  Probe  
  13  0:12  Probe  
  14  0:16  Pylon  
  14  0:24  Probe  
  15  0:35  Gateway  
  15  0:37  Probe (Chrono Boost)  
  16  0:46  Probe (Chrono Boost), Assimilator  
  17  0:51  Probe (Chrono Boost)  
  18  1:00  Gateway  
  18  1:03  Probe  
  19  1:08  Assimilator  
  19  1:15  Probe  
  20  1:22  Cybernetics Core  
  20  1:27  Probe  
  21  1:33  Pylon  
  21  1:39  Probe  
  22  1:52  Probe  
  23  1:56  Warp Gate (Chrono Boost)  
  23  1:59  Stalker x2  
  27  2:11  Pylon  
  27  2:21  Robotics Facility  
  27  2:33  Stalker  
  29  2:41  Stalker  
  31  2:48  Gateway  
  31  3:03  Stalker  
  33  3:11  Stalker  
  35  3:15  Pylon  
  35  3:21  Warp Prism (Chrono Boost)  
  37  3:30  Shield Battery  
  37  3:34  Pylon  
  37  3:51  Stalker  
  37  3:52  Stalker  
  37  3:53  Stalker  
  43  4:00  Observer  
  43  4:02  Pylon  
  44  4:24  Stalker x2  
  44  4:25  Stalker  
  44  4:52  Stalker x3  
  50  4:59  Pylon  
  50  5:16  Stalker x2  
  54  5:24  Sentry  
  56  5:41  Stalker  
  56  5:42  Stalker  
  58  5:53  Stalker  
  58  6:02  Pylon  
  58  6:05  Stalker x2  
  58  6:20  Stalker  
  58  6:28  Stalker  
  58  6:29  Stalker  
  34  6:56  Stalker  
  34  6:57  Stalker x2  
  38  7:21  Zealot x3  
  38  7:36  Immortal (Chrono Boost)  
  38  7:44  Stalker x2  
  38  7:47  Sentry  
  42  7:52  Stalker  
  44  8:07  Stalker  
  44  8:09  Stalker  
  48  8:29  Stalker  
  48  8:31  Stalker  
  52  8:52  Stalker x2  
  54  8:57  Zealot  
  56  9:18  Immortal (Chrono Boost)  
  57  9:50  Sentry  
  57  9:51  Observer  
  60  10:11  Nexus  
  60  10:53  Stalker x3  
  62  11:17  Adept  
  62  11:18  Adept  
  58  11:22  Zealot  
  56  11:39  Adept  
  54  11:42  Zealot  
  48  11:55  Zealot  
  46  12:32  Stalker  
  46  12:33  Stalker  
  46  12:35  Stalker  
  46  12:48  Warp Prism (Chrono Boost)  
  40  13:06  Adept x2  
  40  13:09  Sentry  
  38  13:33  Stalker  
  38  13:34  Stalker  
Tags
 
Add a new tag
Caveats
  • Supply blocks, unpowered buildings, or Contaminate may cause inaccurate times.
  • Supply counts are checked every 10 seconds.